AoeStats
← Goku_San

Oasis

509612770Analyzed
4v4 RM · 6d ago on Sep 27, 2026· 47m 58s· 8 players
Game mode
Random Map
Map size
Large (8 player)
Population
200
Speed
Normal
Resources
Standard
Victory
Conquest
Starting age
Dark Age
Ending age
Imperial Age
RankedLock teamsTeams togetherTeam positionsShared explorationLock speedFull tech treeHidden civsTurbo modeCheats
Victory
Defeat
🇦🇷 Jurchens · Argentina
1235
+16
🇹🇷 Wei · Türkiye
1226
+16
🇳🇴 Slavs · Norway
1181
+18
🇬🇧 Chinese · United Kingdom
1154
+19
🇬🇧 Hindustanis · United Kingdom
1290
-21
🇮🇱 Malay · Israel
1270
-19
🇺🇸 Teutons · United States
1203
-16
🇨🇳 Japanese · China
1124
-13
OnlyNomad
5:52 Loom
11:09 Feudal Age
11:31 Horse Collar
11:38 Double-Bit Axe
19:23 Castle Age
19:13 Bloodlines
20:25 Heavy Plow
20:38 Bow Saw
19:50 Light Cavalry
20:33 Husbandry
21:21 Forging
26:07 Wheelbarrow
25:34 Gold Mining
25:35 Stone Mining
30:19 Imperial Age
27:23 Pikeman
28:04 Squires
28:35 Scale Mail Armor
27:59 Man-at-Arms
30:02 Chain Mail Armor
29:38 Long Swordsman
32:30 Capped Ram
32:45 Two-Handed Swordsman
33:14 Halberdier
34:37 Hand Cart
34:08 Town Watch
36:34 Iron Casting
36:29 Plate Mail Armor
35:39 Siege Ram
38:38 Blast Furnace
40:02 Champion
40:41 Fletching
41:56 Bodkin Arrow
42:09 Siege Engineers
42:25 Ballistics
44:09 Crop Rotation
44:42 Two-Man Saw
45:49 Conscription
45:30 Druzhina
45:34 Detinets
Muffin
0:26 Loom
10:48 Feudal Age
14:36 Double-Bit Axe
15:30 Horse Collar
16:21 Fletching
16:42 Forging
18:39 Padded Archer Armor
21:19 Gold Mining
24:43 Castle Age
25:14 Stone Mining
25:45 Bow Saw
25:19 Crossbowman
25:56 Bodkin Arrow
28:25 Leather Archer Armor
31:48 Wheelbarrow
31:12 Town Watch
31:40 Heavy Plow
34:01 Hand Cart
34:59 Ballistics
35:32 Thumb Ring
39:27 Imperial Age
37:40 Stone Shaft Mining
40:17 Bracer
39:40 Elite Chu Ko Nu
40:46 Conscription
41:59 Chemistry
41:10 Masonry
43:47 Rocketry
44:16 Gold Shaft Mining
45:24 Ring Archer Armor
45:30 Architecture
[Tps] RamsasII
6:42 Loom
9:56 Feudal Age
10:35 Double-Bit Axe
11:05 Horse Collar
17:01 Wheelbarrow
21:58 Castle Age
20:28 Gold Mining
20:47 Scale Barding Armor
23:07 Bow Saw
22:58 Heavy Plow
23:39 Chain Barding Armor
26:23 Forging
28:07 Hand Cart
29:15 Bloodlines
29:29 Husbandry
31:36 Iron Casting
35:08 Imperial Age
32:27 Town Watch
33:34 Gold Shaft Mining
32:51 Stone Mining
35:47 Stone Shaft Mining
36:26 Fletching
37:11 Plate Barding Armor
35:58 Elite Steppe Lancer
38:07 Blast Furnace
37:02 Bodkin Arrow
37:06 Murder Holes
37:21 Masonry
37:17 Siege Engineers
38:07 Crop Rotation
38:38 Two-Man Saw
38:02 Treadmill Crane
38:52 Architecture
39:59 Conscription
40:10 Ballistics
39:46 Light Cavalry
41:21 Heavy Rocket Cart
43:31 Conscription
43:54 Hoardings
46:12 Chemistry
46:15 Elite Iron Pagoda
46:58 Fortified Bastions
47:09 Bracer
48:14 Thunderclap Bombs
Hawx
8:03 Loom
10:32 Feudal Age
12:38 Horse Collar
14:33 Double-Bit Axe
19:46 Castle Age
18:51 Gold Mining
20:06 Wheelbarrow
20:41 Fletching
23:10 Bodkin Arrow
23:59 Heavy Plow
24:42 Gold Shaft Mining
25:51 Bow Saw
26:16 Bloodlines
26:07 Husbandry
29:09 Padded Archer Armor
30:45 Town Watch
31:15 Hand Cart
31:33 Leather Archer Armor
36:44 Imperial Age
36:18 Thumb Ring
37:08 Ballistics
37:26 Scale Barding Armor
39:16 Parthian Tactics
42:03 Onager
47:02 Pikeman
47:43 Squires
47:46 Scale Mail Armor
sbr
0:28 Loom
10:26 Feudal Age
11:31 Double-Bit Axe
12:49 Man-at-Arms
19:24 Bloodlines
22:26 Wheelbarrow
28:08 Castle Age
28:57 Forging
28:52 Scale Barding Armor
29:26 Elite Skirmisher
32:25 Fletching
33:17 Horse Collar
ALAW
6:44 Loom
8:59 Feudal Age
11:56 Double-Bit Axe
13:21 Scale Barding Armor
15:02 Wheelbarrow
15:23 Bloodlines
19:21 Forging
22:46 Castle Age
20:40 Horse Collar
24:19 Scale Mail Armor
24:58 Bow Saw
24:52 Arson
25:07 Squires
26:12 Chain Mail Armor
30:50 Iron Casting
30:34 Gold Mining
32:27 Hand Cart
33:17 Husbandry
33:51 Chain Barding Armor
33:54 Heavy Plow
36:11 Gold Shaft Mining
39:56 Imperial Age
39:59 Heavy Camel Rider
41:30 Plate Barding Armor
42:39 Blast Furnace
42:02 Imperial Camel Rider
Goku_San
7:10 Loom
9:40 Feudal Age
12:08 Double-Bit Axe
15:52 Castle Age
14:30 Horse Collar
21:01 Bow Saw
22:34 Wheelbarrow
22:44 Heavy Plow
24:25 Gold Mining
24:25 Stone Mining
24:42 Stone Mining
29:01 Imperial Age
27:27 Forging
26:57 Pikeman
27:38 Squires
28:49 Gold Shaft Mining
28:52 Stone Shaft Mining
27:51 Halberdier
29:11 Iron Casting
30:05 Chemistry
30:45 Hand Cart
33:35 Blast Furnace
33:19 Conscription
35:18 Siege Engineers
36:02 Heavy Scorpion
37:15 Ballistics
帝国种田大户
11:36 Feudal Age
15:47 Castle Age
14:06 Double-Bit Axe
14:50 Horse Collar
17:24 Bow Saw
17:18 Heavy Plow
31:27 Imperial Age
29:45 Padded Archer Armor
35:39 Stone Mining
35:29 Elite Skirmisher
37:03 Fletching
Connection lost

Rejoining the realm…

Still unreachable

The connection could not be restored.

Session expired

The server has moved on; the page needs a fresh start.